cohdb
Replays
Latest Replays
All Replays
Popular Replays
Top Player Replays
Match Explorer
How It Works
Community
CoH3 Stats
Reddit
Sign in to upload your games and track your stats! →
Sign in with Steam
Match 43222810
Unlisted
Match 43222810
Overview
Messages
Build Orders
End
Construct Barracks
Selects Advanced Infantry Battlegroup
Riflemen Squad
Riflemen Squad
Construct Medical Station
Riflemen Squad
Infantry Support Center
Selects Convert to Ranger Squad
Convert to Ranger Squad
Convert to Ranger Squad
M1918 Browning Automatic Rifles
Engineer Squad
Selects Designate Assault Position
Advanced Logistics
Ranger Squad
Selects Ranger Weapon Training
Selects Artillery Observers
Designate Assault Position
Construct Tank Depot
Engineer Squad
Selects M2A1 105mm Howitzer Emplacement
Designate Assault Position
M4A1 Sherman Medium Tank
Selects Free Fire Drills
Emperor Trump
Jenasaie
Sid
Chikage
Jeremy
JT
0
0
Comments
sign in to comment!
No comments posted yet!